 Dungeon Crawl Stone Soup version 0.25.1-3-ge44b62a0b3 (webtiles) character file.

Game seed: 14984805904345830159

5681 Cazemata the Severer (level 10, -4/77 HPs)
             Began as a Minotaur Berserker on Nov 20, 2020.
             Was an Elder of Trog.
             Slain by a polar bear (8 damage)
             ... on level 8 of the Dungeon.
             The game lasted 00:30:47 (8879 turns).

Cazemata the Severer (Minotaur Berserker)           Turns: 8879, Time: 00:30:48

Health: -4/77      AC: 10    Str: 24    XL:     10   Next: 47%
Magic:  9/9        EV: 14    Int:  6    God:    Trog [****..]
Gold:   341        SH:  5    Dex:  9    Spells: 9/9 levels left

rFire    . . .     SeeInvis .   y - +2 hand axe (freeze)
rCold    . . .     Gourm    .   (no shield)
rNeg     . . .     Faith    .   m - +1 scale mail
rPois    .         Spirit   .   k - +2 hat
rElec    .         Reflect  +   (no cloak)
rCorr    .         Harm     .   (no gloves)
MR       ++...                  f - +0 pair of boots
Stlth    ..........             j - amulet of reflection
HPRegen  1.00/turn              l - +4 ring of evasion
MPRegen  0.11/turn              (no ring)

@: about to teleport, berserk cooldown, regenerating, slowed, very slow
A: retaliatory headbutt, horns 2, inhibited regeneration, MP-powered wands
a: Berserk, Trog's Hand, Brothers in Arms, Renounce Religion


You were on level 8 of the Dungeon.
You worshipped Trog.
Trog was greatly pleased with you.
You were near starving.

You visited 2 branches of the dungeon, and saw 9 of its levels.

You collected 341 gold pieces.

Inventory:

Hand Weapons
 s - a +6 antimagic spear
 y - a +2 hand axe of freezing (weapon)
Missiles
 n - 12 poisoned darts (quivered)
 D - 8 datura-tipped darts
Armour
 a - +0 acid dragon scales
 f - a +0 pair of boots (worn)
 h - a +0 troll leather armour {Purgy}
 k - a +2 hat (worn)
 m - a +1 scale mail (worn)
 q - a +0 kite shield
 H - the cursed -2 cloak of Repulsion {*Corrode MR++ Stlth+, unknown}
   (You found it on level 8 of the Dungeon)

   It affects your resistance to hostile enchantments.
   It may corrode you when you take damage.
   It makes you more stealthy.
   It has a curse placed upon it.
Jewellery
 j - an amulet of reflection (around neck)
 l - a +4 ring of evasion (left hand)
 w - an uncursed amulet of guardian spirit
 E - a +4 ring of slaying
 I - an uncursed ring of protection from magic {unknown}
Wands
 o - a wand of polymorph (9)
 r - a wand of clouds (4)
 u - a wand of random effects (15)
 v - a wand of disintegration (21)
 x - a wand of paralysis (10)
 C - a wand of acid (7)
Scrolls
 t - a scroll of remove curse
 A - a scroll of teleportation
 B - a scroll of enchant weapon
 F - a scroll of magic mapping
 G - a scroll of fog
Potions
 b - 2 potions of brilliance
 e - 3 potions of might
 g - 2 potions of curing
 i - a potion of flight
Comestibles
 c - 13 rations


   Skills:
 - Level 3.6 Fighting
 * Level 17.6 Axes
 - Level 2.4 Armour
 - Level 2.1 Dodging


You had 9 spell levels left.
You didn't know any spells.
Your spell library was empty.

Dungeon Overview and Level Annotations

Branches:
Dungeon (8/15)             Temple (1/1) D:6
   Lair: D:8-11

Altars:
Ashenzari
Cheibriados
Dithmenos
Elyvilon
Fedhas
Gozag
Hepliaklqana
Kikubaaqudgha
Makhleb
Nemelex Xobeh
Okawaru
Qazlal
Ru
Sif Muna
Trog
Uskayaw
Vehumet
Xom
Yredelemnul
Zin
The Shining One


Innate Abilities, Weirdness & Mutations

You reflexively headbutt those who attack you in melee.
You have a pair of horns on your head.
You do not regenerate when monsters are visible.
You expend magic power (3 MP) to strengthen your wands.


Message History

You block the polar bear's attack.
The polar bear claws you but does no damage. x2
You hit the polar bear but do no damage.
The polar bear is heavily wounded.
The polar bear bites you but does no damage.
The polar bear claws you but does no damage.
The polar bear barely misses you.
You barely miss the polar bear. Your headbutt misses the polar bear.
The polar bear is heavily wounded.
Your resistance to elements expires.
The polar bear bites you!
* * * LOW HITPOINT WARNING * * *
The polar bear closely misses you.
The polar bear claws you but does no damage.
As you read the scroll of teleportation, it crumbles to dust.
You feel strangely unstable. The polar bear bites you!
* * * LOW HITPOINT WARNING * * *
The polar bear barely misses you. x2
The polar bear bites you!
You die...

........###.#........##.#########
........###.#h.......#.....)....#
............#hhhh....#..........#
............###hh''###..........#
.....<........h.H...............#
....###......h.h................#
....# #.....h.........))........#
....###....h##########.)........#
......##....#Hhh@...#...........#
....#.......hh#####.#...........#
....#........h#.................#
...##.........#.#...............#
....#.......#.#.........#########
.##.#....##.#.###.........#
.#....#####.#...#.........#######
......'...#.....................#
......###.#.....................#


You could see a polar bear, a hippogriff and 3 black bears.

Vanquished Creatures
  A manticore (D:7)
  Maggie (D:7)
  6 polar bears (D:8)
  7 yaks
  A hungry ghost (D:7)
  Purgy (D:4)
  2 ice beasts
  4 ogres
  4 centaurs
  A big kobold (D:7)
  Blork the orc (D:5)
  5 bullfrogs
  A gnoll sergeant (D:5)
  2 howler monkeys
  3 crimson imps
  2 orc priests
  2 centaur skeletons
  2 hounds
  11 orc wizards
  3 bullfrog skeletons
  3 iguanas
  2 worker ants
  A hound zombie (D:7)
  2 hound skeletons
  A worker ant zombie (D:8)
  Robin (D:2)
  8 adders
  3 gnolls (D:5)
  A shadow imp (D:8)
  An adder skeleton (D:4)
  An adder zombie (D:5)
  2 worms
  2 dart slugs
  4 leopard geckos
  13 orcs
  4 bats
  3 giant cockroaches
  14 goblins
  13 hobgoblins
  10 jackals
  16 kobolds
  5 quokkas
  4 ball pythons
  12 frilled lizards
  A quokka skeleton (D:4)
  4 rats
191 creatures vanquished.

Vanquished Creatures (others)
  An orc wizard (D:4)
1 creature vanquished.

Grand Total: 192 creatures vanquished

Notes
Turn   | Place    | Note
-------+----------+-------------------------------------------
     0 | D:1      | Cazemata the Minotaur Berserker began the quest for the
                  | Orb.
     0 | D:1      | Reached XP level 1. HP: 19/19 MP: 0/0
   145 | D:1      | Reached skill level 4 in Axes
   278 | D:1      | Reached XP level 2. HP: 23/26 MP: 1/1
   907 | D:1      | Reached skill level 5 in Axes
   954 | D:1      | Reached XP level 3. HP: 31/31 MP: 2/2
  1566 | D:2      | Reached ** piety under Trog
  1569 | D:2      | Gained mutation: Your body sometimes deteriorates upon
                  | taking damage. [potion of mutation]
  1569 | D:2      | Gained mutation: Your spells are a little harder to cast,
                  | but a little more powerful. [potion of mutation]
  1569 | D:2      | Gained mutation: You can translocate small distances at
                  | will. [potion of mutation]
  1589 | D:2      | Reached XP level 4. HP: 24/39 MP: 3/3
  1717 | D:2      | Reached skill level 6 in Axes
  1789 | D:2      | Found a snail-covered altar of Cheibriados.
  1984 | D:2      | Noticed Robin
  2001 | D:2      | Killed Robin
  2001 | D:2      | Reached XP level 5. HP: 45/45 MP: 4/4
  2005 | D:2      | Reached skill level 7 in Axes
  2496 | D:3      | Found an opulent altar of Gozag.
  2506 | D:3      | Reached *** piety under Trog
  3015 | D:4      | Reached skill level 8 in Axes
  3110 | D:4      | Noticed an ogre
  3120 | D:4      | HP: 2/45 [ogre/+0 giant club (5)]
  3121 | D:4      | Killed an ogre
  3121 | D:4      | Reached XP level 6. HP: 3/51 MP: 5/5
  3444 | D:4      | Found a bloodstained altar of Trog.
  3449 | D:4      | Noticed Purgy
  3457 | D:4      | Killed Purgy
  3457 | D:4      | Reached skill level 9 in Axes
  3463 | D:4      | Found a stormy altar of Qazlal.
  3637 | D:4      | Reached XP level 7. HP: 44/57 MP: 6/6
  3844 | D:4      | Found a white marble altar of Elyvilon.
  3965 | D:5      | Entered Level 5 of the Dungeon
  4021 | D:5      | Noticed Blork the orc
  4024 | D:5      | Killed Blork the orc
  4055 | D:5      | Reached skill level 10 in Axes
  4088 | D:5      | Noticed an angel
  4089 | D:5      | Found a glowing silver altar of Zin.
  4089 | D:5      | Found a shimmering altar of Xom.
  4320 | D:5      | Reached skill level 11 in Axes
  4463 | D:5      | HP: 1/57 [gnoll/+0 spear (8)]
  4874 | D:5      | Reached XP level 8. HP: 63/64 MP: 7/7
  5854 | D:5      | Reached skill level 12 in Axes
  6225 | D:6      | Found a staircase to the Ecumenical Temple.
  6232 | D:6      | Reached **** piety under Trog
  6314 | D:6      | Reached skill level 13 in Axes
  6752 | D:6      | Found a basalt altar of Yredelemnul.
  6777 | Temple   | Entered the Ecumenical Temple
  7065 | D:7      | Noticed Maggie
  7070 | D:7      | Reached XP level 9. HP: 69/70 MP: 8/8
  7094 | D:7      | Killed Maggie
  7094 | D:7      | Reached skill level 14 in Axes
  7182 | D:7      | Lost mutation: Your spells are a little harder to cast, but
                  | a little more powerful. [potion of mutation]
  7182 | D:7      | Lost mutation: Your body sometimes deteriorates upon taking
                  | damage. [potion of mutation]
  7182 | D:7      | Lost mutation: You can translocate small distances at will.
                  | [potion of mutation]
  7182 | D:7      | Gained mutation: You do not regenerate when monsters are
                  | visible. [potion of mutation]
  7182 | D:7      | Gained mutation: You expend magic power (3 MP) to
                  | strengthen your wands. [potion of mutation]
  7262 | D:7      | Reached skill level 15 in Axes
  7456 | D:7      | Noticed a manticore
  7471 | D:7      | Killed a manticore
  7471 | D:7      | Reached skill level 16 in Axes
  7863 | D:8      | Found a huge runed translucent gate.
  7863 | D:8      | Noticed a polar bear
  7864 | D:8      | Found a huge runed translucent gate.
  7864 | D:8      | Noticed a polar bear
  7864 | D:8      | Noticed a polar bear
  7865 | D:8      | Found a huge runed translucent gate.
  7865 | D:8      | Noticed a polar bear
  7866 | D:8      | Found a huge runed translucent gate.
  7866 | D:8      | Noticed a polar bear
  7867 | D:8      | Noticed a polar bear
  7867 | D:8      | Noticed a polar bear
  7942 | D:8      | Reached XP level 10. HP: 69/77 MP: 9/9
  8747 | D:8      | Got a polished cloak
  8838 | D:8      | Reached skill level 17 in Axes
  8878 | D:8      | HP: 3/77 [polar bear (10)]
  8879 | D:8      | Slain by a polar bear

Illustrated notes

Levels and vault maps discovered:
D:1:      sevenhm_arrival_forest_fort_large_2, layout_basic, serial_glass,
          glass_columns_c, glass_columns_a, skrybe_limestone_x
D:2:      layout_basic, kennysheep_slug_shrine, uniq_robin
D:3:      layout_basic, nicolae_gozag_seed_capital
D:4:      layout_rooms, elyvilon_altar_4, grunt_temple_overflow_open,
          first_ration, uniq_purgy
D:5:      layout_basic, grunt_temple_overflow_order_and_chaos_1,
          uniq_blork_the_orc
D:6:      layout_rooms, lemuel_coloured_pillars_altar, temple_fountains
D:7:      layout_basic, chequers_serial_rivers_micro_e, uniq_maggie
D:8:      lemuel_bear_cage, layout_basic
Temple:   jpeg_temple_clearing

Skill      XL: |  1  2  3  4  5  6  7  8  9 10 |
---------------+-------------------------------+-----
Axes           | 4 5 6 8 9 11 13 16 17 | 17.6
Fighting       | |  3.6
Armour         | |  2.4
Dodging        | |  2.1

Action                   |  1- 3 |  4- 6 |  7- 9 | 10-12 || total
-------------------------+-------+-------+-------+-------++-------
Melee: Hand axe          |    79 |    96 |   132 |    99 ||   406
       Headbutt          |    16 |    19 |    38 |    28 ||   101
       War axe           |       |    69 |   136 |       ||   205
Invok: Trog's Hand       |       |     1 |     1 |     2 ||     4
       Berserk           |       |       |       |     1 ||     1
  Use: Potion            |     4 |     4 |     1 |     2 ||    11
       Scroll            |       |     9 |     7 |     4 ||    20
  Eat: Chunk             |     2 |     7 |     9 |     3 ||    21
       Ration            |       |       |     2 |       ||     2
Armor: Animal skin       |    12 |       |       |       ||    12
       Scale mail        |    21 |    54 |    63 |    38 ||   176
Dodge: Dodged            |    53 |    68 |    88 |    74 ||   283
Block: Other             |       |    41 |    34 |    18 ||    93
       Reflection        |       |     3 |     1 |     1 ||     5
